[ PARTIDA AOE2 · #504867709 ]
UnrankedCoreanos vs Celts
Equipo del jugador · VICT
Equipo rival · DERR
[ ANÁLISIS DE REPETICIÓN · EXTRAÍDO DE LA PARTIDA GRABADA ]
Feudal
11:24
Castillos
—
Imperial
—
| APM promedio | 35.6 |
| APM pico | 80 |
| eAPM promedio | 19.2 |
| Aldeanos / militares | 51 / 42 |
Foco
⚔️ 28.7% · 🌾 71.3%
Archer ×25 · Militia ×17
Feudal
13:04
Castillos
—
Imperial
—
| APM promedio | 32.8 |
| APM pico | 76 |
| eAPM promedio | 19.8 |
| Aldeanos / militares | 48 / 17 |
Foco
⚔️ 15.2% · 🌾 84.8%
Skirmisher ×10 · Militia ×7
Mapa de la partida
Recursos iniciales + cada clic de construcción. Líneas = muros · curvas = relieve. ◆ oro · ⬟ piedra · ● bayas · ✦ reliquia · ◌ hueco del cierre
Tu base· ✓ Cerrada en 25:35 · 5t muro · 1 puerta(s)
Base de Kapradi· Abierta — flanco sin cerrar
Terreno inicial suavizado · ◌ = hueco del cierre detectado · pasá el cursor para detalles
Inputs por minuto
— Post Nut Clarity - - Kapradi
Build order — Post Nut Clarity
Primeras 150 de 153 acciones detectadas
| 0:00 | Encolar | Villager (Male) |
| 0:02 | Construir | House |
| 0:03 | Construir | House |
| 0:20 | Encolar | Villager (Male) |
| 0:21 | Encolar | Villager (Male) |
| 0:21 | Encolar | Villager (Male) |
| 0:59 | Investigar | Loom |
| 1:02 | Encolar | Villager (Male) |
| 1:51 | Encolar | Villager (Male) |
| 2:26 | Encolar | Villager (Male) |
| 2:57 | Encolar | Villager (Male) |
| 3:13 | Encolar | Villager (Male) |
| 3:45 | Encolar | Villager (Male) |
| 4:00 | Construir | House |
| 4:04 | Construir | Palisade Wall |
| 4:09 | Encolar | Villager (Male) |
| 4:30 | Encolar | Villager (Male) |
| 4:39 | Construir | Palisade Gate |
| 4:52 | Encolar | Villager (Male) |
| 5:15 | Encolar | Villager (Male) |
| 5:30 | Encolar | Villager (Male) |
| 5:49 | Construir | Mill |
| 6:03 | Encolar | Villager (Male) |
| 6:27 | Encolar | Villager (Male) |
| 6:46 | Encolar | Villager (Male) |
| 6:51 | Construir | House |
| 7:07 | Encolar | Villager (Male) |
| 7:28 | Encolar | Villager (Male) |
| 7:33 | Construir | Lumber Camp |
| 8:14 | Encolar | Villager (Male) |
| 8:42 | Encolar | Villager (Male) |
| 8:53 | Encolar | Villager (Male) |
| 9:09 | Investigar | Feudal Age |
| 9:39 | Construir | Mill |
| 9:58 | Construir | Barracks |
| 10:41 | Construir | Lumber Camp |
| 10:59 | Encolar | Villager (Male) |
| 11:08 | Encolar | Villager (Male) |
| 11:22 | Encolar | Militia |
| 11:23 | Encolar | Militia |
| 11:24 | Edad | Edad Feudal |
| 11:48 | Encolar | Villager (Male) |
| 11:52 | Construir | House |
| 11:55 | Investigar | Wheelbarrow |
| 12:01 | Investigar | Double-Bit Axe |
| 12:07 | Construir | Mining Camp |
| 12:51 | Construir | Archery Range |
| 13:00 | Encolar | Villager (Male) |
| 13:00 | Encolar | Villager (Male) |
| 13:12 | Construir | Blacksmith |
| 13:17 | Encolar | Villager (Male) |
| 13:45 | Encolar | Archer |
| 13:58 | Construir | House |
| 13:59 | Construir | House |
| 14:00 | Construir | House |
| 14:02 | Construir | House |
| 14:05 | Encolar | Archer |
| 14:15 | Encolar | Villager (Male) |
| 14:33 | Encolar | Archer |
| 14:42 | Construir | Farm |
| 14:44 | Construir | Farm |
| 14:46 | Construir | Farm |
| 14:49 | Encolar | Villager (Male) |
| 14:56 | Encolar | Archer |
| 15:00 | Investigar | Fletching |
| 15:05 | Encolar | Villager (Male) |
| 15:27 | Construir | Mining Camp |
| 15:30 | Encolar | Villager (Male) |
| 15:36 | Construir | House |
| 15:37 | Construir | House |
| 15:46 | Encolar | Archer |
| 15:46 | Encolar | Archer |
| 15:46 | Encolar | Archer |
| 15:49 | Construir | Farm |
| 15:50 | Encolar | Villager (Male) |
| 16:14 | Construir | Farm |
| 16:15 | Encolar | Villager (Male) |
| 16:36 | Encolar | Villager (Male) |
| 16:38 | Construir | Farm |
| 17:49 | Encolar | Archer |
| 17:49 | Encolar | Archer |
| 17:50 | Encolar | Archer |
| 17:50 | Encolar | Archer |
| 17:51 | Encolar | Villager (Male) |
| 17:52 | Construir | Farm |
| 17:54 | Construir | Farm |
| 17:55 | Encolar | Villager (Male) |
| 18:04 | Construir | House |
| 18:04 | Construir | House |
| 18:10 | Encolar | Archer |
| 18:31 | Construir | Watch Tower |
| 18:35 | Encolar | Villager (Male) |
| 18:36 | Construir | Farm |
| 18:39 | Encolar | Villager (Male) |
| 18:52 | Encolar | Archer |
| 19:32 | Encolar | Villager (Male) |
| 19:34 | Construir | Farm |
| 19:35 | Construir | Farm |
| 19:36 | Encolar | Villager (Male) |
| 20:18 | Encolar | Militia |
| 20:19 | Encolar | Militia |
| 20:25 | Construir | Watch Tower |
| 20:48 | Investigar | Man-at-Arms (upgrade) |
| 21:04 | Encolar | Villager (Male) |
| 21:05 | Construir | Farm |
| 21:07 | Construir | Farm |
| 21:08 | Encolar | Villager (Male) |
| 22:15 | Encolar | Militia |
| 22:16 | Encolar | Militia |
| 22:16 | Encolar | Militia |
| 22:16 | Encolar | Militia |
| 22:17 | Encolar | Archer |
| 22:18 | Encolar | Archer |
| 22:18 | Encolar | Archer |
| 22:18 | Encolar | Archer |
| 22:19 | Encolar | Archer |
| 22:19 | Encolar | Archer |
| 22:19 | Encolar | Archer |
| 22:19 | Encolar | Archer |
| 22:20 | Encolar | Archer |
| 22:20 | Encolar | Militia |
| 22:20 | Encolar | Militia |
| 22:21 | Encolar | Militia |
| 22:21 | Encolar | Militia |
| 22:21 | Encolar | Archer |
| 22:22 | Encolar | Militia |
| 22:23 | Encolar | Militia |
| 22:23 | Encolar | Militia |
| 22:41 | Encolar | Villager (Male) |
| 22:43 | Construir | Farm |
| 22:44 | Construir | Farm |
| 22:45 | Encolar | Villager (Male) |
| 22:52 | Investigar | Scale Mail Armor |
| 23:18 | Encolar | Villager (Male) |
| 23:20 | Construir | Farm |
| 23:22 | Encolar | Villager (Male) |
| 23:50 | Investigar | Forging |
| 23:52 | Construir | Farm |
| 23:53 | Encolar | Villager (Male) |
| 24:20 | Construir | Watch Tower |
| 24:26 | Encolar | Militia |
| 24:26 | Encolar | Militia |
| 24:28 | Encolar | Archer |
| 24:28 | Encolar | Archer |
| 24:30 | Encolar | Villager (Male) |
| 24:32 | Construir | Farm |
| 24:34 | Construir | Farm |
| 24:38 | Construir | Market |
| 24:42 | Encolar | Villager (Male) |
| 25:00 | Investigar | Arson |
Build order — Kapradi
101 acciones detectadas en el replay
| 0:00 | Encolar | Villager (Male) |
| 0:01 | Encolar | Villager (Male) |
| 0:02 | Construir | House |
| 0:03 | Construir | House |
| 0:04 | Encolar | Villager (Male) |
| 0:04 | Encolar | Villager (Male) |
| 1:24 | Encolar | Villager (Male) |
| 1:44 | Construir | Lumber Camp |
| 2:01 | Encolar | Villager (Male) |
| 2:06 | Investigar | Loom |
| 2:56 | Encolar | Villager (Male) |
| 2:57 | Encolar | Villager (Male) |
| 2:57 | Encolar | Villager (Male) |
| 4:05 | Encolar | Villager (Male) |
| 4:30 | Encolar | Villager (Male) |
| 5:09 | Encolar | Villager (Male) |
| 5:32 | Encolar | Villager (Male) |
| 5:37 | Construir | Lumber Camp |
| 6:04 | Encolar | Villager (Male) |
| 6:40 | Encolar | Villager (Male) |
| 7:05 | Encolar | Villager (Male) |
| 7:23 | Construir | House |
| 7:37 | Encolar | Villager (Male) |
| 8:06 | Construir | Mill |
| 8:07 | Encolar | Villager (Male) |
| 8:09 | Encolar | Villager (Male) |
| 8:23 | Encolar | Villager (Male) |
| 9:01 | Encolar | Villager (Male) |
| 9:51 | Encolar | Villager (Male) |
| 10:10 | Construir | Mining Camp |
| 10:12 | Encolar | Villager (Male) |
| 10:21 | Construir | House |
| 10:54 | Investigar | Feudal Age |
| 12:03 | Construir | Barracks |
| 12:44 | Encolar | Villager (Male) |
| 13:04 | Edad | Edad Feudal |
| 13:08 | Investigar | Double-Bit Axe |
| 13:21 | Construir | Farm |
| 13:24 | Construir | Farm |
| 13:41 | Encolar | Villager (Male) |
| 13:48 | Encolar | Villager (Male) |
| 14:05 | Encolar | Villager (Male) |
| 14:10 | Construir | Farm |
| 14:25 | Encolar | Villager (Male) |
| 14:31 | Investigar | Horse Collar |
| 14:45 | Encolar | Militia |
| 14:46 | Encolar | Militia |
| 14:46 | Encolar | Militia |
| 14:46 | Encolar | Militia |
| 14:59 | Encolar | Villager (Male) |
| 15:05 | Construir | House |
| 15:12 | Construir | Market |
| 15:22 | Encolar | Villager (Male) |
| 15:26 | Construir | House |
| 15:28 | Construir | House |
| 15:29 | Construir | House |
| 15:56 | Encolar | Villager (Male) |
| 16:09 | Construir | Palisade Wall |
| 16:14 | Construir | Palisade Wall |
| 16:20 | Encolar | Villager (Male) |
| 16:51 | Construir | Watch Tower |
| 17:37 | Construir | House |
| 17:47 | Construir | Archery Range |
| 17:50 | Construir | Farm |
| 17:51 | Encolar | Villager (Male) |
| 17:52 | Encolar | Villager (Male) |
| 18:28 | Construir | Farm |
| 18:29 | Construir | Farm |
| 18:29 | Construir | Farm |
| 18:31 | Construir | Farm |
| 18:44 | Encolar | Villager (Male) |
| 18:46 | Encolar | Skirmisher |
| 18:46 | Encolar | Skirmisher |
| 19:21 | Encolar | Skirmisher |
| 19:27 | Encolar | Villager (Male) |
| 19:57 | Encolar | Skirmisher |
| 20:10 | Encolar | Villager (Male) |
| 20:11 | Encolar | Villager (Male) |
| 20:22 | Construir | Farm |
| 20:23 | Construir | Farm |
| 20:24 | Encolar | Villager (Male) |
| 20:24 | Encolar | Villager (Male) |
| 20:36 | Encolar | Skirmisher |
| 20:36 | Encolar | Skirmisher |
| 20:48 | Encolar | Skirmisher |
| 21:13 | Encolar | Villager (Male) |
| 21:38 | Encolar | Militia |
| 21:38 | Encolar | Militia |
| 21:48 | Encolar | Militia |
| 22:21 | Encolar | Villager (Male) |
| 22:21 | Encolar | Villager (Male) |
| 22:21 | Encolar | Villager (Male) |
| 22:46 | Encolar | Villager (Male) |
| 23:17 | Investigar | Man-at-Arms (upgrade) |
| 23:44 | Encolar | Skirmisher |
| 23:44 | Encolar | Skirmisher |
| 24:04 | Encolar | Skirmisher |
| 24:14 | Encolar | Villager (Male) |
| 24:15 | Encolar | Villager (Male) |
| 24:53 | Encolar | Villager (Male) |
| 25:33 | Construir | Mining Camp |
Cronología de la partida
| 4:04 | Post Nut Clarity · wall_segment Palisade Wall x5 |
| 9:58 | Post Nut Clarity · first_building Barracks |
| 11:24 | Post Nut Clarity · age_up feudal |
| 12:03 | Kapradi · first_building Barracks |
| 12:51 | Post Nut Clarity · first_building Archery Range |
| 13:04 | Kapradi · age_up feudal |
| 16:09 | Kapradi · wall_segment Palisade Wall x6 |
| 16:14 | Kapradi · wall_segment Palisade Wall x13 |
| 17:47 | Kapradi · first_building Archery Range |
| 25:29 | Post Nut Clarity · first_market_sell 100 wood |
| 25:30 | Post Nut Clarity · first_market_buy 100 food |
| 26:09 | Kapradi · resign |
[ ANÁLISIS IA · 1 CRÉDITO ]
¿Qué pasó realmente en esta partida?
Wolo.gg analiza cada decisión: build order, eco, micro, errores típicos por bracket. Análisis personalizado por WhatsApp o Discord en 30 segundos.
Guía civ
Coreanos
Perfil
Jugador #2740170